 Dungeon Crawl Stone Soup version 0.17-a0-1430-g49fde19 (webtiles) character file.

1810 ztt the Shield-Bearer (level 8, -3/73 HPs)
             Began as a Minotaur Fighter on June 25, 2015.
             Was an Initiate of Okawaru.
             Slain by an orc warrior
             ... wielding a +0 long sword
              (22 damage)
             ... on level 7 of the Dungeon.
             The game lasted 00:10:21 (5100 turns).

ztt the Shield-Bearer (Minotaur Fighter)            Turns: 5100, Time: 00:10:22

Health: -3/73      AC:  7    Str: 24    XL:     8   Next: 84%
Magic:  7/7        EV: 10    Int:  5    God:    Okawaru [......]
Gold:   291        SH: 11    Dex:  9    Spells: 0 memorised, 7 levels left

rFire  . . .     SeeInvis .     a - +1 war axe
rCold  . . .     Clarity  .     b - +0 scale mail
rNeg   . . .     SustAt   .     c - +0 shield
rPois  .         Gourm    .     (helmet restricted)
rElec  .         Spirit   .     (no cloak)
rCorr  .         Warding  .     (no gloves)
rMut   .         Stasis   .     (no boots)
MR     .....                    (no amulet)
Stlth  ..........               (no ring)
                                (no ring)

@: not resistant to hostile enchantments, extremely unstealthy
A: retaliatory headbutt, horns 2
a: Renounce Religion


You were on level 7 of the Dungeon.
You worshipped Okawaru.
Okawaru was noncommittal.
You were not hungry.

You visited 2 branches of the dungeon, and saw 8 of its levels.

You collected 291 gold pieces.

Inventory:

Hand weapons
 a - a +1 war axe (weapon)
Missiles
 t - 18 bolts
Armour
 b - a +0 scale mail (worn)
 c - a +0 shield (worn)
Jewellery
 v - a cursed ring of teleportation {unknown}
Magical devices
 r - a wand of magic darts (14)
 u - a wand of flame (29)
Scrolls
 h - 3 scrolls of remove curse
 o - a scroll of fog
 q - a scroll of immolation {unknown}
 x - a scroll of teleportation
 y - 2 scrolls of identify {unknown}
Potions
 g - a potion of cancellation {unknown}
 i - a potion of flight {unknown}
 j - 2 potions of heal wounds {unknown}
 k - a potion of curing
 n - a potion of degeneration {unknown}
 p - a potion of magic {unknown}
 s - a potion of poison {unknown}
Books
 m - a book of the Earth

   Spells                             Type                      Level
   a - Leda's Liquefaction            Hexes/Earth                  4
   b - Bolt of Magma                  Conjuration/Fire/Earth       5
   c - Statue Form                    Transmutation/Earth          6
   d - Iron Shot                      Conjuration/Earth            6
   e - Shatter                        Earth                        9
Comestibles
 d - 3 fruits
 e - 3 bread rations
 l - a meat ration


   Skills:
 + Level 7.0 Fighting
 + Level 6.8 Axes
 + Level 7.3 Armour
 + Level 4.1 Dodging
 + Level 1.0 Stealth
 + Level 7.5 Shields


You had 7 spell levels left.
You didn't know any spells.

Dungeon Overview and Level Annotations

Branches:
Dungeon (7/15)             Temple (1/1) D:6

Altars:
Ashenzari
Cheibriados
Dithmenos
Elyvilon
Fedhas
Gozag
Kikubaaqudgha
Makhleb
Nemelex Xobeh
Okawaru
Qazlal
Ru
Sif Muna
Trog
Xom
Yredelemnul
Zin
The Shining One


Innate Abilities, Weirdness & Mutations

You reflexively headbutt those who attack you in melee.
You have a pair of horns on your head.


Message History

The orc warrior shouts!
The hound bites you but does no damage. You block the hound's attack.
You barely miss the hound.
The hound is moderately wounded.
The hound bites you.
* * * LOW HITPOINT WARNING * * *
Unknown command.
You hit the hound.
You headbutt the hound, but do no damage.
The hound is heavily wounded.
The hound barely misses you. x2
An orc comes into view. It is wielding a club.
The orc shouts!
You hit the hound. Your headbutt misses the hound.
The hound is heavily wounded.
You closely miss the orc warrior.
You hear the slow hiss of a very distant avalanche of sand.
The hound barely misses you.
The orc warrior hits you with a long sword!!
You die...

... .# # ... . .#
O. a ..# ....
...## #..# .....
.#.##.:.# .....<
.....!. ......
#...#
......####..#
.......
#...#h@...#
......#
#..o.o.)..#
......#
#.....###...# .
....###.....#
#...# ..
....#....#.# #..#
... ##....##...##
#...
....##....####.#.#
### ...........#
##..#
..####..##.##
##.##


You could see an orc warrior, a hound and an orc.

Vanquished Creatures
  A sky beast (D:6)
  2 ice beasts
  A black bear (D:5)
  2 ogres
  A centaur (D:5)
  A gnoll sergeant (D:5)
  A giant frog (D:6)
  2 scorpions
  5 orc priests
  3 hounds
  A jelly (D:5)
  A giant frog skeleton (D:5)
  A gnoll shaman (D:6)
  4 worker ants
  Jessica (D:3)
  Terence (D:3)
  An iguana (D:7)
  4 orc wizards
  Natasha (D:3)
  A hound zombie (D:6)
  A worker ant zombie (D:5)
  7 gnolls
  11 adders
  An ooze (D:1)
  An adder skeleton (D:6)
  2 worms
  6 giant geckos
  18 orcs
  A bat skeleton (D:4)
  A bat zombie (D:5)
  3 giant cockroaches
  11 hobgoblins
  8 jackals
  3 ball pythons
  17 bats
  A giant cockroach zombie (D:5)
  5 giant newts
  11 goblins
  14 kobolds
  3 quokkas
  A quokka skeleton (D:4)
  8 rats
169 creatures vanquished.

Vanquished Creatures (others)
  4 toadstools (D:1)
4 creatures vanquished.

Grand Total: 173 creatures vanquished

Notes
Turn   | Place    | Note
--------------------------------------------------------------
     0 | D:1      | ztt the Minotaur Fighter began the quest for the Orb.
     0 | D:1      | Reached XP level 1. HP: 19/19 MP: 0/0
   217 | D:1      | Reached XP level 2. HP: 22/27 MP: 1/1
   312 | D:1      | Reached skill level 4 in Armour
   476 | D:1      | Reached XP level 3. HP: 33/33 MP: 2/2
   750 | D:2      | Reached skill level 1 in Dodging
   967 | D:2      | Reached XP level 4. HP: 30/40 MP: 3/3
  1166 | D:3      | Found a faded altar to an unknown god.
  1183 | D:3      | Noticed Natasha
  1191 | D:3      | Killed Natasha
  1439 | D:3      | Noticed Terence
  1447 | D:3      | Killed Terence
  1454 | D:3      | Reached XP level 5. HP: 41/46 MP: 4/4
  1564 | D:3      | Noticed Jessica
  1571 | D:3      | Killed Jessica
  2004 | D:4      | Reached skill level 5 in Armour
  2008 | D:4      | Reached XP level 6. HP: 53/53 MP: 5/5
  2079 | D:4      | Reached skill level 5 in Shields
  2485 | D:4      | Reached skill level 5 in Fighting
  2706 | D:5      | Entered Level 5 of the Dungeon
  2719 | D:5      | Reached XP level 7. HP: 61/61 MP: 6/6
  2932 | D:5      | Reached skill level 5 in Axes
  3118 | D:5      | Reached skill level 6 in Shields
  3159 | D:5      | HP: 3/62 [gnoll/spear (8)]
  3704 | D:5      | Reached XP level 8. HP: 52/70 MP: 7/7
  4268 | D:6      | Found a staircase to the Ecumenical Temple.
  4292 | D:6      | Reached skill level 7 in Shields
  4305 | Temple   | Entered the Ecumenical Temple
  4460 | Temple   | Became a worshipper of Warmaster Okawaru
  4805 | D:6      | Reached skill level 1 in Stealth
  5100 | D:7      | Slain by an orc warrior

Vault maps used:
D:1:      ldierk_water_garden
D:2:      first_bread, kennysheep_minor_cross, grunt_ministairs_7
D:3:      ecumenical_altar_2, uniq_terence, uniq_natasha, uniq_jessica
D:4:      corexii_shack_village
D:5:      black_bear_nest_1
D:6:      minmay_temple_entry_trees
D:7:      enter_ossuary_2
Temple:   kilobyte_greek_temple_18

Action                   |  1- 3 |  4- 6 |  7- 9 || total
-------------------------+-------+-------+-------++-------
Melee: War axe           |    95 |   160 |   192 ||   447
  Use: Scroll            |     2 |     6 |       ||     8
       Potion            |       |     1 |     5 ||     6
  Eat: Chunk             |       |     1 |     3 ||     4
       Bread ration      |       |     1 |       ||     1
       Royal jelly       |       |       |     2 ||     2
       Beef jerky        |       |       |     2 ||     2
